Sénateurs vs Predators
(R1)
Created - 25 septembre 2014 at 19:05
Goals
|
| Sénateurs |
0 |
1 |
2 |
3 |
| Predators |
1 |
1 |
3 |
5 |
|
Shots
|
| Sénateurs |
7 |
5 |
12 |
24 |
| Predators |
4 |
9 |
13 |
26 |
|
1st period
1. Predators , Kris Vernarsky 1 (Andy Miele) at 4:13
Penalties :
Jean-Pierre Dumont (Ott) for Tripping (Minor) at 5:03, Andy McDonald (Ott) for Unsportsmanlike conduct (Major / Game Misconduct) at 13:11, Oleg Saprykin (Nas) for Hooking (Minor) at 19:38
2nd period
2. Predators , Georges Laraque 2 (Danny Richmond, Joe Thornton) at 15:01
3. Sénateurs , Sami Kapanen 1 (Andy Hilbert) at 15:29
Penalties :
Gilbert Brule (Ott) for Roughing (Minor) at 7:24, Robyn Regehr (Nas) for Hooking (Minor) at 10:19, Danny Richmond (Nas) for Holding (Minor) at 15:51
3rd period
4. Sénateurs , Andrew Ebbett 2 (B.J. Crombeen, Vitaly Vishnevsky) at 6:16
5. Sénateurs , Todd Bertuzzi 1 (Darcy Hordichuk, Daymond Langkow) at 9:32
6. Predators , Oleg Saprykin 1 (Josef Vasicek, Brad Boyes) at 12:59
7. Predators , Joe Thornton 2 (Alexander Edler) at 13:38 (PP)
8. Predators , Robyn Regehr 1 (Joe Thornton, Alexander Ovechkin) at 19:31 (Empty Net)
Penalties :
Alexander Ovechkin (Nas) for Tripping (Minor) at 0:28, Vitaly Vishnevsky (Ott) for Interference (Minor) at 4:01, Brad Boyes (Nas) for Hooking (Minor) at 6:38, Sami Kapanen (Ott) for Roughing (Minor) at 13:28, Daymond Langkow (Ott) for Holding (Minor) at 15:46
Goalie Stats
Jeff Deslauriers (Ott), 21 saves from 25 shots - (0,840), L, 0-1-0, 59:34 minutes
Kari Lehtonen (Nas), 21 saves from 24 shots - (0,875), W, 2-0-0, 60:00 minutes
Players Stats for Sénateurs
Player Name G A P +/- PIM S H SB GA TA FO MP PP MP PK MP
------------------------------------------------------------------------------------
Andrew Ebbett 1 0 1 -1 0 2 2 0 1 0 3/4 21:21 4:42 3:20
Andy Hilbert 0 1 1 0 0 4 0 0 0 0 3/3 16:51 2:16 5:40
Andy McDonald 0 0 0 -1 15 0 1 0 0 0 0/0 4:16 0:00 0:40
B.J. Crombeen 0 1 1 1 0 2 2 0 0 0 0/0 7:07 0:48 0:00
Carlo Colaiacovo 0 0 0 0 0 1 2 0 0 2 0/0 20:57 3:51 6:30
Dan Girardi 0 0 0 0 0 0 0 0 1 0 0/0 20:35 3:51 6:28
Dan Hamhuis 0 0 0 -2 0 1 0 0 0 0 0/0 27:49 6:04 5:46
Darcy Hordichuk 0 1 1 1 0 1 1 0 0 0 1/1 17:15 3:45 3:02
Daymond Langkow 0 1 1 1 2 0 2 0 2 0 4/8 17:47 3:45 3:34
Gilbert Brule 0 0 0 -4 2 4 1 1 0 1 11/28 23:28 5:22 4:39
Jean-Pierre Dumont 0 0 0 -4 2 3 1 0 0 0 1/1 23:37 5:22 4:59
Nikolai Kulemin 0 0 0 1 0 0 1 0 1 0 0/0 7:10 0:00 0:10
Rob Niedermayer 0 0 0 1 0 2 1 0 0 0 1/3 7:07 0:00 0:06
Ryan Parent 0 0 0 0 0 0 1 0 0 0 0/0 12:19 0:00 1:56
Sami Kapanen 1 0 1 1 2 2 1 0 1 0 0/0 6:54 0:00 0:00
Sami Salo 0 0 0 1 0 1 0 2 0 0 0/0 10:48 0:00 0:45
Todd Bertuzzi 1 0 1 1 0 1 1 0 0 0 2/2 13:56 3:45 0:00
Vitaly Vishnevsky 0 1 1 -1 2 0 2 0 0 0 0/0 27:32 6:04 4:45
Players Stats for Predators
Player Name G A P +/- PIM S H SB GA TA FO MP PP MP PK MP
------------------------------------------------------------------------------------
Alexander Edler 0 1 1 1 0 4 0 1 0 0 0/0 27:44 6:56 5:44
Alexander Ovechkin 0 1 1 2 2 3 4 0 1 0 3/7 24:38 5:53 4:32
Andy Miele 0 1 1 -1 0 3 3 0 0 0 0/1 13:16 1:52 0:00
Barret Jackman 0 0 0 0 0 1 0 1 0 0 0/0 8:31 0:42 0:00
Blake Geoffrion 0 0 0 -1 0 1 1 0 0 1 0/1 12:29 1:00 0:33
Brad Boyes 0 1 1 0 2 0 2 0 0 0 0/0 16:01 5:15 0:00
Danny Richmond 0 1 1 1 2 0 1 1 0 1 0/0 26:28 6:56 4:28
Georges Laraque 1 0 1 2 0 2 3 0 0 0 0/1 21:17 5:42 2:33
Joe Thornton 1 2 3 2 0 3 4 0 1 1 13/21 24:17 5:27 5:09
Josef Vasicek 0 1 1 0 0 1 2 0 0 0 3/9 19:46 4:53 3:24
Keith Aulie 0 0 0 0 0 0 0 1 0 1 0/0 2:41 0:05 0:00
Kent Huskins 0 0 0 0 0 1 0 0 0 1 0/0 9:44 0:42 1:13
Kris Vernarsky 1 0 1 -1 0 4 1 0 1 0 5/7 14:01 2:12 0:22
Oleg Saprykin 1 0 1 0 2 1 2 1 0 0 0/0 17:07 5:05 1:12
Paul Mara 0 0 0 0 0 0 0 0 0 0 0/0 3:52 0:00 1:16
Robyn Regehr 1 0 1 0 2 2 0 1 0 1 0/0 20:19 5:27 2:58
Ryan Mcdonagh 0 0 0 0 0 0 0 1 0 0 0/0 21:09 5:27 4:11
Tim Conboy 0 0 0 0 0 0 0 0 0 0 0/3 6:40 1:51 2:05
3 Stars
1 - Joe Thornton (Nas)
2 - Georges Laraque (Nas)
3 - Todd Bertuzzi (Ott)
Power Play
Sénateurs - 0 on 5 Attempt(s) - 0,00%
Predators - 1 on 6 Attempt(s) - 16,67%
Penalty Kill
Sénateurs - 5 on 6 Attempt(s) - 83,33%
- Score 0 goal in Penalty Kill
Predators - 5 on 5 Attempt(s) - 100,00%
- Score 0 goal in Penalty Kill
Official
Referees : L'Ecuyer Frederick and Devorski Paul
Linesman : Tim Nowak and Jonny Murray
Game Notes
Andy McDonald ejected from game at 13:11 of 1st period
Robyn Regehr has scored in a empty net!
Finance
Level 1 -- Attendance: 4629 (77,15%) -- Ticket Income 458 271 $
Level 2 -- Attendance: 3626 (72,52%) -- Ticket Income 213 934 $
Level 3 -- Attendance: 1337 (66,85%) -- Ticket Income 52 143 $
Level 4 -- Attendance: 2499 (62,48%) -- Ticket Income 72 471 $
Luxury Box -- Attendance: 636 (63,60%) -- Ticket Income 127 200 $
Game was played at the Wildcat center
Total Attendance: 12727 (70,71%)
Total Ticket Income: 924 019 $
Other Income: 138 603 $
Total Income: 1 062 622 $
Sénateurs
5 vs 5 Forward
Center Left Wing Right Wing Time % Phy DF OF
1 Gilbert Brule Andy McDonald Jean-Pierre Dumont 37 1 2 2
2 Daymond Langkow Darcy Hordichuk Todd Bertuzzi 30 1 2 2
3 Andrew Ebbett Nikolai Kulemin B.J. Crombeen 23 1 2 2
4 Rob Niedermayer Andy Hilbert Sami Kapanen 10 1 2 2
5 vs 5 Defense
Defense Defense Time % Phy DF OF
1 Vitaly Vishnevsky Dan Hamhuis 40 1 2 2
2 Dan Girardi Carlo Colaiacovo 30 1 2 2
3 Sami Salo Ryan Parent 20 1 2 2
4 Vitaly Vishnevsky Dan Hamhuis 10 1 2 2
PowerPlay Forward
Center Left Wing Right Wing Time % Phy DF OF
1 Gilbert Brule Andy McDonald Jean-Pierre Dumont 60 1 2 2
2 Daymond Langkow Darcy Hordichuk Todd Bertuzzi 40 1 2 2
PowerPlay Defense
Defense Defense Time % Phy DF OF
1 Vitaly Vishnevsky Dan Hamhuis 60 1 2 2
2 Dan Girardi Carlo Colaiacovo 40 1 2 2
Penalty Kill 4 Players Forward
Center Wing Time % Phy DF OF
1 Gilbert Brule Jean-Pierre Dumont 60 1 2 2
2 Daymond Langkow Andy McDonald 40 1 2 2
Penalty Kill 4 Players Defense
Defense Defense Time % Phy DF OF
1 Vitaly Vishnevsky Dan Hamhuis 60 1 2 2
2 Dan Girardi Carlo Colaiacovo 40 1 2 2
Penalty Kill - 3 Players Forward
Forward Time % Phy DF OF
1 Gilbert Brule 60 1 2 2
2 Jean-Pierre Dumont 40 1 2 2
Penalty Kill - 3 Players Defense
Defense Defense Time % Phy DF OF
1 Vitaly Vishnevsky Dan Hamhuis 60 1 2 2
2 Dan Girardi Carlo Colaiacovo 40 1 2 2
4 vs 4 Forward
Center Wing Time % Phy DF OF
1 Gilbert Brule Jean-Pierre Dumont 60 1 2 2
2 Daymond Langkow Andy McDonald 40 1 2 2
4 vs 4 Defense
Defense Defense Time % Phy DF OF
1 Vitaly Vishnevsky Dan Hamhuis 60 1 2 2
2 Dan Girardi Carlo Colaiacovo 40 1 2 2
Last Minutes Offensive
Center Left Wing Right Wing Defense Defense
Gilbert Brule Andy McDonald Jean-Pierre Dumont Vitaly Vishnevsky Dan Hamhuis
Last Minutes Defensive
Center Left Wing Right Wing Defense Defense
Gilbert Brule Andy McDonald Jean-Pierre Dumont Vitaly Vishnevsky Dan Hamhuis
Goaltenders
Starting : Jeff Deslauriers
Backup : Jonas Hiller
Extra Forwards
Normal : Andrew Ebbett, Gilbert Brule, Andy Hilbert - PP : Andrew Ebbett, Gilbert Brule - PK : Andy Hilbert
Extra Defensemen
Normal : Sami Salo, Ryan Parent, Dan Girardi - PP : Sami Salo - PK : Ryan Parent, Dan Girardi
Penalty Shots
Gilbert Brule, Jean-Pierre Dumont, Daymond Langkow, Andy McDonald, Todd Bertuzzi
Predators
5 vs 5 Forward
Center Left Wing Right Wing Time % Phy DF OF
1 Joe Thornton Alexander Ovechkin Georges Laraque 40 1 2 2
2 Josef Vasicek Oleg Saprykin Brad Boyes 30 1 2 2
3 Kris Vernarsky Blake Geoffrion Andy Miele 20 1 2 2
4 Alexander Ovechkin Joe Thornton Tim Conboy 10 1 2 2
5 vs 5 Defense
Defense Defense Time % Phy DF OF
1 Danny Richmond Alexander Edler 40 1 2 2
2 Ryan Mcdonagh Robyn Regehr 30 1 2 2
3 Barret Jackman Kent Huskins 20 1 2 2
4 Paul Mara Keith Aulie 10 1 2 2
PowerPlay Forward
Center Left Wing Right Wing Time % Phy DF OF
1 Joe Thornton Alexander Ovechkin Georges Laraque 60 1 2 2
2 Josef Vasicek Oleg Saprykin Brad Boyes 40 1 2 2
PowerPlay Defense
Defense Defense Time % Phy DF OF
1 Danny Richmond Alexander Edler 60 1 2 2
2 Ryan Mcdonagh Robyn Regehr 40 1 2 2
Penalty Kill 4 Players Forward
Center Wing Time % Phy DF OF
1 Alexander Ovechkin Joe Thornton 60 1 2 2
2 Georges Laraque Josef Vasicek 40 1 2 2
Penalty Kill 4 Players Defense
Defense Defense Time % Phy DF OF
1 Danny Richmond Alexander Edler 60 1 2 2
2 Ryan Mcdonagh Robyn Regehr 40 1 2 2
Penalty Kill - 3 Players Forward
Forward Time % Phy DF OF
1 Alexander Ovechkin 60 1 2 2
2 Joe Thornton 40 1 2 2
Penalty Kill - 3 Players Defense
Defense Defense Time % Phy DF OF
1 Danny Richmond Alexander Edler 60 1 2 2
2 Ryan Mcdonagh Robyn Regehr 40 1 2 2
4 vs 4 Forward
Center Wing Time % Phy DF OF
1 Alexander Ovechkin Joe Thornton 60 1 2 2
2 Georges Laraque Josef Vasicek 40 1 2 2
4 vs 4 Defense
Defense Defense Time % Phy DF OF
1 Danny Richmond Alexander Edler 60 1 2 2
2 Ryan Mcdonagh Robyn Regehr 40 1 2 2
Last Minutes Offensive
Center Left Wing Right Wing Defense Defense
Joe Thornton Alexander Ovechkin Georges Laraque Danny Richmond Alexander Edler
Last Minutes Defensive
Center Left Wing Right Wing Defense Defense
Joe Thornton Alexander Ovechkin Georges Laraque Danny Richmond Alexander Edler
Goaltenders
Starting : Kari Lehtonen
Backup : Steve Mason
Extra Forwards
Normal : Kris Vernarsky, Andy Miele, Tim Conboy - PP : Kris Vernarsky, Andy Miele - PK : Tim Conboy
Extra Defensemen
Normal : Barret Jackman, Kent Huskins, Paul Mara - PP : Barret Jackman - PK : Kent Huskins, Paul Mara
Penalty Shots
Alexander Ovechkin, Joe Thornton, Georges Laraque, Josef Vasicek, Brad Boyes
% Time on Ice - Sénateurs
Lines # - Real PCT - Wanted PCT - Time Play
Normal Forward
1 - 35% - 37% - 12:40
2 - 29% - 30% - 10:35
3 - 17% - 23% - 6:04
4 - 19% - 10% - 6:55
Normal Defense
1 - 42% - 40% - 15:08
2 - 28% - 30% - 10:16
3 - 28% - 20% - 10:00
4 - 2% - 10% - 0:50
PP Forward
1 - 62% - 60% - 6:10
2 - 38% - 40% - 3:45
PP Defense
1 - 61% - 60% - 6:04
2 - 39% - 40% - 3:51
PK Forward
1 - 64% - 60% - 8:25
2 - 36% - 40% - 4:40
PK Defense
1 - 51% - 60% - 6:37
2 - 49% - 40% - 6:28
PK3 Forward
1 - 0% - 60%
2 - 0% - 40%
PK3 Defense
1 - 0% - 60%
2 - 0% - 40%
44 Forward
1 - 0% - 60%
2 - 0% - 40%
44 Defense
1 - 0% - 60%
2 - 0% - 40%
Last Minute Offensive - 0:46
Last Minute Defensive - 0:00
Total
Forward - 60:00
Defense - 60:00
|
% Time on Ice - Predators
Lines # - Real PCT - Wanted PCT - Time Play
Normal Forward
1 - 34% - 40% - 12:17
2 - 31% - 30% - 11:19
3 - 30% - 20% - 10:53
4 - 5% - 10% - 1:48
Normal Defense
1 - 42% - 40% - 15:04
2 - 30% - 30% - 10:48
3 - 22% - 20% - 7:49
4 - 7% - 10% - 2:36
PP Forward
1 - 57% - 60% - 7:28
2 - 43% - 40% - 5:37
PP Defense
1 - 58% - 60% - 7:38
2 - 42% - 40% - 5:27
PK Forward
1 - 74% - 60% - 7:22
2 - 26% - 40% - 2:33
PK Defense
1 - 58% - 60% - 5:44
2 - 42% - 40% - 4:11
PK3 Forward
1 - 0% - 60%
2 - 0% - 40%
PK3 Defense
1 - 0% - 60%
2 - 0% - 40%
44 Forward
1 - 0% - 60%
2 - 0% - 40%
44 Defense
1 - 0% - 60%
2 - 0% - 40%
Last Minute Offensive - 0:00
Last Minute Defensive - 0:43
Total
Forward - 60:00
Defense - 60:00
|
Play by Play
1st period
0:01 of 1st period - Joe Thornton wins face-off versus Gilbert Brule in neutral zone.
0:14 of 1st period - Snap shot by Andy McDonald.
0:14 of 1st period - Shot Blocked by Danny Richmond.
2:12 of 1st period - Slapshot by Vitaly Vishnevsky.
2:12 of 1st period - Shot Blocked by Barret Jackman.
2:30 of 1st period - Slapshot by Danny Richmond.
2:30 of 1st period - Shot Misses the Net.
2:32 of 1st period - Snap shot by Alexander Edler.
2:32 of 1st period - Stopped by Jeff Deslauriers with a rebound.
3:19 of 1st period - Paul Mara is hit by Sami Kapanen and loses puck.
3:45 of 1st period - Icing by Ryan Parent.
3:46 of 1st period - Todd Bertuzzi wins face-off versus Tim Conboy in Sénateurs zone.
4:13 of 1st period - Snap shot by Kris Vernarsky.
4:13 of 1st period - Goal by Kris Vernarsky - Sénateurs : 0 - Predators : 1.
4:14 of 1st period - Gilbert Brule wins face-off versus Alexander Ovechkin in neutral zone.
4:30 of 1st period - Alexander Edler is hit by Andy McDonald and loses puck.
4:37 of 1st period - Vitaly Vishnevsky is hit by Georges Laraque and loses puck.
5:03 of 1st period - Minor Penalty to Jean-Pierre Dumont for Tripping.
5:04 of 1st period - Josef Vasicek wins face-off versus Gilbert Brule in Sénateurs zone.
5:20 of 1st period - Snap shot by Brad Boyes.
5:20 of 1st period - Shot Misses the Net.
7:03 of 1st period - Penalty to Jean-Pierre Dumont is over, Jean-Pierre Dumont is back on ice.
7:24 of 1st period - Icing by Danny Richmond.
7:25 of 1st period - Andrew Ebbett wins face-off versus Kris Vernarsky in Predators zone.
7:36 of 1st period - Snap shot by Todd Bertuzzi.
7:36 of 1st period - Shot Misses the Net.
10:03 of 1st period - Slapshot by Andy Hilbert.
10:03 of 1st period - Stopped by Kari Lehtonen without a rebound.
10:04 of 1st period - Rob Niedermayer wins face-off versus Tim Conboy in Predators zone.
10:05 of 1st period - Snap shot by Andy Hilbert.
10:05 of 1st period - Deflect By Rob Niedermayer.
10:05 of 1st period - Stopped by Kari Lehtonen with a rebound.
10:07 of 1st period - Snap shot by Dan Girardi.
10:07 of 1st period - Shot Misses the Net.
10:09 of 1st period - Snap shot by Rob Niedermayer.
10:09 of 1st period - Shot Blocked by Robyn Regehr.
10:11 of 1st period - Slapshot by Carlo Colaiacovo.
10:11 of 1st period - Stopped by Kari Lehtonen with a rebound.
10:15 of 1st period - Snap shot by Andy Hilbert.
10:15 of 1st period - Stopped by Kari Lehtonen with a rebound.
10:17 of 1st period - Slapshot by Carlo Colaiacovo.
10:17 of 1st period - Shot Misses the Net.
10:19 of 1st period - Wrist shot by Sami Kapanen.
10:19 of 1st period - Stopped by Kari Lehtonen without a rebound.
10:20 of 1st period - Josef Vasicek wins face-off versus Gilbert Brule in Predators zone.
10:20 of 1st period - Josef Vasicek is hit by Gilbert Brule.
11:30 of 1st period - Brad Boyes is hit by B.J. Crombeen and loses puck.
12:31 of 1st period - Snap shot by Andy Hilbert.
12:31 of 1st period - Deflect By Sami Kapanen.
12:31 of 1st period - Shot Misses the Net.
12:31 of 1st period - Puck is out of play.
12:32 of 1st period - Joe Thornton wins face-off versus Rob Niedermayer in Predators zone.
12:39 of 1st period - Wrist shot by Alexander Ovechkin.
12:39 of 1st period - Shot Misses the Net.
12:57 of 1st period - Andy McDonald is hit by Brad Boyes and loses puck.
13:11 of 1st period - Major / Game Misconduct Penalty to Andy McDonald for Unsportsmanlike conduct.
13:11 of 1st period - Andy McDonald is ejected from game.
13:12 of 1st period - Joe Thornton wins face-off versus Gilbert Brule in Sénateurs zone.
13:32 of 1st period - Vitaly Vishnevsky is hit by Joe Thornton.
13:44 of 1st period - Snap shot by Josef Vasicek.
13:44 of 1st period - Stopped by Jeff Deslauriers with a rebound.
14:52 of 1st period - Andy Hilbert is hit by Oleg Saprykin.
15:15 of 1st period - Joe Thornton is hit by Darcy Hordichuk.
15:31 of 1st period - Snap shot by Andy Miele.
15:31 of 1st period - Shot Misses the Net.
15:33 of 1st period - Slapshot by Alexander Edler.
15:33 of 1st period - Stopped by Jeff Deslauriers with a rebound.
16:19 of 1st period - Carlo Colaiacovo is hit by Joe Thornton and loses puck.
18:11 of 1st period - Penalty to Andy McDonald is over, B.J. Crombeen is send on ice.
18:30 of 1st period - Snap shot by Rob Niedermayer.
18:30 of 1st period - Stopped by Kari Lehtonen with a rebound.
18:39 of 1st period - Icing by Nikolai Kulemin.
18:40 of 1st period - Joe Thornton wins face-off versus Rob Niedermayer in Sénateurs zone.
19:05 of 1st period - Joe Thornton is hit by Rob Niedermayer.
19:12 of 1st period - Off-side.
19:13 of 1st period - Kris Vernarsky wins face-off versus Gilbert Brule in neutral zone.
19:16 of 1st period - Andrew Ebbett is hit by Kris Vernarsky.
19:22 of 1st period - Wrist shot by Jean-Pierre Dumont.
19:22 of 1st period - Stopped by Kari Lehtonen with a rebound.
19:38 of 1st period - Minor Penalty to Oleg Saprykin for Hooking.
19:39 of 1st period - Gilbert Brule wins face-off versus Alexander Ovechkin in Predators zone.
Goals for this period are 0 for Sénateurs vs 1 for Predators.
Shots for this period are 7 for Sénateurs vs 4 for Predators.
2nd period
0:01 of 2nd period - Gilbert Brule wins face-off versus Alexander Ovechkin in neutral zone.
0:04 of 2nd period - Alexander Ovechkin is hit by Jean-Pierre Dumont and loses puck.
1:38 of 2nd period - Penalty to Oleg Saprykin is over, Oleg Saprykin is back on ice.
1:55 of 2nd period - Andrew Ebbett is hit by Brad Boyes and loses puck.
2:12 of 2nd period - Andy Hilbert is hit by Andy Miele and loses puck.
3:09 of 2nd period - Backhand shot by Daymond Langkow.
3:09 of 2nd period - Shot Misses the Net.
4:58 of 2nd period - Daymond Langkow is hit by Oleg Saprykin and loses puck.
6:23 of 2nd period - Daymond Langkow is hit by Danny Richmond and loses puck.
6:38 of 2nd period - Alexander Edler is hit by Todd Bertuzzi and loses puck.
7:07 of 2nd period - Snap shot by Daymond Langkow.
7:07 of 2nd period - Shot Misses the Net.
7:15 of 2nd period - Snap shot by Darcy Hordichuk.
7:15 of 2nd period - Deflect By Oleg Saprykin.
7:15 of 2nd period - Shot Blocked by Oleg Saprykin.
7:15 of 2nd period - Puck is out of play.
7:16 of 2nd period - Joe Thornton wins face-off versus Gilbert Brule in Predators zone.
7:24 of 2nd period - Minor Penalty to Gilbert Brule for Roughing.
7:25 of 2nd period - Andy Hilbert wins face-off versus Joe Thornton in Sénateurs zone.
7:25 of 2nd period - Andy Hilbert is hit by Alexander Ovechkin.
8:03 of 2nd period - Alexander Ovechkin is hit by Vitaly Vishnevsky and loses puck.
9:03 of 2nd period - Wrist shot by Alexander Edler.
9:03 of 2nd period - Deflect By Dan Girardi.
9:03 of 2nd period - Stopped by Jeff Deslauriers without a rebound.
9:04 of 2nd period - Andrew Ebbett wins face-off versus Andy Miele in Sénateurs zone.
9:13 of 2nd period - Andrew Ebbett is hit by Andy Miele.
9:19 of 2nd period - Wrist shot by Andy Miele.
9:19 of 2nd period - Stopped by Jeff Deslauriers with a rebound.
9:24 of 2nd period - Penalty to Gilbert Brule is over, Gilbert Brule is back on ice.
9:42 of 2nd period - Snap shot by Andrew Ebbett.
9:42 of 2nd period - Deflect By B.J. Crombeen.
9:42 of 2nd period - Stopped by Kari Lehtonen with a rebound.
10:08 of 2nd period - Snap shot by Robyn Regehr.
10:08 of 2nd period - Shot Blocked by Sami Salo.
10:19 of 2nd period - Minor Penalty to Robyn Regehr for Hooking.
10:20 of 2nd period - Alexander Ovechkin wins face-off versus Gilbert Brule in Predators zone.
11:28 of 2nd period - Snap shot by Tim Conboy.
11:28 of 2nd period - Shot Misses the Net.
11:30 of 2nd period - Snap shot by Tim Conboy.
11:30 of 2nd period - Deflect By Oleg Saprykin.
11:30 of 2nd period - Shot Misses the Net.
11:30 of 2nd period - Puck is out of play.
11:31 of 2nd period - Daymond Langkow wins face-off versus Alexander Ovechkin in Sénateurs zone.
12:19 of 2nd period - Penalty to Robyn Regehr is over, Robyn Regehr is back on ice.
12:42 of 2nd period - Wrist shot by Robyn Regehr.
12:42 of 2nd period - Stopped by Jeff Deslauriers without a rebound.
12:43 of 2nd period - Kris Vernarsky wins face-off versus Daymond Langkow in Sénateurs zone.
12:44 of 2nd period - Snap shot by Andy Miele.
12:44 of 2nd period - Stopped by Jeff Deslauriers without a rebound.
12:45 of 2nd period - Daymond Langkow wins face-off versus Blake Geoffrion in Sénateurs zone.
13:04 of 2nd period - Icing by Blake Geoffrion.
13:05 of 2nd period - Kris Vernarsky wins face-off versus Gilbert Brule in Predators zone.
13:12 of 2nd period - Wrist shot by Gilbert Brule.
13:12 of 2nd period - Stopped by Kari Lehtonen with a rebound.
13:31 of 2nd period - Barret Jackman is hit by Daymond Langkow and loses puck.
13:47 of 2nd period - Off-side.
13:48 of 2nd period - Andy Hilbert wins face-off versus Joe Thornton in neutral zone.
13:53 of 2nd period - Wrist shot by Rob Niedermayer.
13:53 of 2nd period - Deflect By Sami Kapanen.
13:53 of 2nd period - Shot Misses the Net.
13:53 of 2nd period - Puck is out of play.
13:54 of 2nd period - Joe Thornton wins face-off versus Gilbert Brule in Predators zone.
14:19 of 2nd period - Snap shot by Joe Thornton.
14:19 of 2nd period - Stopped by Jeff Deslauriers with a rebound.
14:55 of 2nd period - Snap shot by Joe Thornton.
14:55 of 2nd period - Shot Misses the Net.
14:57 of 2nd period - Snap shot by Danny Richmond.
14:57 of 2nd period - Shot Blocked by Gilbert Brule.
14:59 of 2nd period - Backhand shot by Georges Laraque.
14:59 of 2nd period - Stopped by Jeff Deslauriers with a rebound.
15:01 of 2nd period - Wrist shot by Georges Laraque.
15:01 of 2nd period - Goal by Georges Laraque - Sénateurs : 0 - Predators : 2.
15:02 of 2nd period - Daymond Langkow wins face-off versus Josef Vasicek in neutral zone.
15:29 of 2nd period - Wrist shot by Sami Kapanen.
15:29 of 2nd period - Goal by Sami Kapanen - Sénateurs : 1 - Predators : 2.
15:30 of 2nd period - Jean-Pierre Dumont wins face-off versus Joe Thornton in neutral zone.
15:33 of 2nd period - Wrist shot by Vitaly Vishnevsky.
15:33 of 2nd period - Shot Blocked by Alexander Edler.
15:35 of 2nd period - Wrist shot by Gilbert Brule.
15:35 of 2nd period - Stopped by Kari Lehtonen with a rebound.
15:39 of 2nd period - Snap shot by Gilbert Brule.
15:39 of 2nd period - Stopped by Kari Lehtonen with a rebound.
15:51 of 2nd period - Minor Penalty to Danny Richmond for Holding.
15:52 of 2nd period - Alexander Ovechkin wins face-off versus Gilbert Brule in Predators zone.
16:17 of 2nd period - Alexander Ovechkin is hit by Daymond Langkow.
17:51 of 2nd period - Penalty to Danny Richmond is over, Danny Richmond is back on ice.
18:08 of 2nd period - Ryan Parent is hit by Josef Vasicek and loses puck.
18:25 of 2nd period - Kris Vernarsky is hit by Ryan Parent and loses puck.
18:32 of 2nd period - Slapshot by Kent Huskins.
18:32 of 2nd period - Shot Blocked by Sami Salo.
18:34 of 2nd period - Slapshot by Barret Jackman.
18:34 of 2nd period - Deflect By Andy Miele.
18:34 of 2nd period - Stopped by Jeff Deslauriers without a rebound.
18:35 of 2nd period - Joe Thornton wins face-off versus Andrew Ebbett in Sénateurs zone.
18:46 of 2nd period - Wrist shot by Alexander Ovechkin.
18:46 of 2nd period - Shot Misses the Net.
19:49 of 2nd period - Snap shot by Kris Vernarsky.
19:49 of 2nd period - Stopped by Jeff Deslauriers without a rebound.
19:50 of 2nd period - Kris Vernarsky wins face-off versus Daymond Langkow in Sénateurs zone.
19:51 of 2nd period - Wrist shot by Andy Miele.
19:51 of 2nd period - Shot Misses the Net.
Goals for this period are 1 for Sénateurs vs 1 for Predators.
Shots for this period are 5 for Sénateurs vs 9 for Predators.
3rd period
0:01 of 3rd period - Joe Thornton wins face-off versus Gilbert Brule in neutral zone.
0:06 of 3rd period - Wrist shot by Joe Thornton.
0:06 of 3rd period - Deflect By Alexander Ovechkin.
0:06 of 3rd period - Stopped by Jeff Deslauriers without a rebound.
0:07 of 3rd period - Joe Thornton wins face-off versus Gilbert Brule in Sénateurs zone.
0:28 of 3rd period - Minor Penalty to Alexander Ovechkin for Tripping.
0:29 of 3rd period - Gilbert Brule wins face-off versus Tim Conboy in Predators zone.
2:28 of 3rd period - Penalty to Alexander Ovechkin is over, Alexander Ovechkin is back on ice.
2:38 of 3rd period - Wrist shot by Andy Hilbert.
2:38 of 3rd period - Stopped by Kari Lehtonen with a rebound.
2:40 of 3rd period - Snap shot by Sami Salo.
2:40 of 3rd period - Stopped by Kari Lehtonen without a rebound.
2:41 of 3rd period - Andy Hilbert wins face-off versus Joe Thornton in Predators zone.
3:14 of 3rd period - Slapshot by B.J. Crombeen.
3:14 of 3rd period - Stopped by Kari Lehtonen with a rebound.
3:16 of 3rd period - Slapshot by Nikolai Kulemin.
3:16 of 3rd period - Shot Misses the Net.
3:34 of 3rd period - Todd Bertuzzi is hit by Blake Geoffrion and loses puck.
3:51 of 3rd period - Snap shot by Oleg Saprykin.
3:51 of 3rd period - Shot Misses the Net.
3:53 of 3rd period - Slapshot by Barret Jackman.
3:53 of 3rd period - Stopped by Jeff Deslauriers with a rebound.
3:55 of 3rd period - Snap shot by Kent Huskins.
3:55 of 3rd period - Stopped by Jeff Deslauriers with a rebound.
4:01 of 3rd period - Minor Penalty to Vitaly Vishnevsky for Interference.
4:02 of 3rd period - Gilbert Brule wins face-off versus Josef Vasicek in Sénateurs zone.
4:28 of 3rd period - Gilbert Brule is hit by Georges Laraque and loses puck.
6:01 of 3rd period - Penalty to Vitaly Vishnevsky is over, Vitaly Vishnevsky is back on ice.
6:16 of 3rd period - Snap shot by Andrew Ebbett.
6:16 of 3rd period - Goal by Andrew Ebbett - Sénateurs : 2 - Predators : 2.
6:17 of 3rd period - Gilbert Brule wins face-off versus Josef Vasicek in neutral zone.
6:30 of 3rd period - Wrist shot by Jean-Pierre Dumont.
6:30 of 3rd period - Stopped by Kari Lehtonen with a rebound.
6:38 of 3rd period - Minor Penalty to Brad Boyes for Hooking.
6:39 of 3rd period - Alexander Ovechkin wins face-off versus Gilbert Brule in Predators zone.
6:56 of 3rd period - Joe Thornton is hit by Andrew Ebbett and loses puck.
7:11 of 3rd period - Wrist shot by Josef Vasicek.
7:11 of 3rd period - Shot Misses the Net.
7:43 of 3rd period - Andrew Ebbett is hit by Alexander Ovechkin and loses puck.
8:27 of 3rd period - Alexander Ovechkin is hit by B.J. Crombeen.
8:38 of 3rd period - Penalty to Brad Boyes is over, Brad Boyes is back on ice.
8:48 of 3rd period - Robyn Regehr is hit by Nikolai Kulemin and loses puck.
8:59 of 3rd period - Ryan Parent is hit by Andy Miele and loses puck.
9:26 of 3rd period - Snap shot by Darcy Hordichuk.
9:26 of 3rd period - Deflect By Todd Bertuzzi.
9:26 of 3rd period - Shot Blocked by Keith Aulie.
9:26 of 3rd period - Puck is out of play.
9:27 of 3rd period - Daymond Langkow wins face-off versus Josef Vasicek in Predators zone.
9:28 of 3rd period - Wrist shot by Darcy Hordichuk.
9:28 of 3rd period - Shot Hit the Post.
9:30 of 3rd period - Wrist shot by Darcy Hordichuk.
9:30 of 3rd period - Stopped by Kari Lehtonen with a rebound.
9:32 of 3rd period - Wrist shot by Todd Bertuzzi.
9:32 of 3rd period - Goal by Todd Bertuzzi - Sénateurs : 3 - Predators : 2.
9:33 of 3rd period - Joe Thornton wins face-off versus Gilbert Brule in neutral zone.
10:31 of 3rd period - Snap shot by Blake Geoffrion.
10:31 of 3rd period - Stopped by Jeff Deslauriers without a rebound.
10:32 of 3rd period - Joe Thornton wins face-off versus Gilbert Brule in Sénateurs zone.
10:47 of 3rd period - Slapshot by Alexander Ovechkin.
10:47 of 3rd period - Stopped by Jeff Deslauriers with a rebound.
10:49 of 3rd period - Snap shot by Alexander Ovechkin.
10:49 of 3rd period - Deflect By Jean-Pierre Dumont.
10:49 of 3rd period - Stopped by Jeff Deslauriers without a rebound.
10:50 of 3rd period - Todd Bertuzzi wins face-off versus Josef Vasicek in Sénateurs zone.
12:00 of 3rd period - Snap shot by Andy Hilbert.
12:00 of 3rd period - Stopped by Kari Lehtonen without a rebound.
12:01 of 3rd period - Josef Vasicek wins face-off versus Gilbert Brule in Predators zone.
12:44 of 3rd period - Danny Richmond is hit by Andrew Ebbett and loses puck.
12:57 of 3rd period - Slapshot by Brad Boyes.
12:57 of 3rd period - Shot Misses the Net.
12:59 of 3rd period - Snap shot by Josef Vasicek.
12:59 of 3rd period - Deflect By Oleg Saprykin.
12:59 of 3rd period - Goal by Oleg Saprykin - Sénateurs : 3 - Predators : 3.
13:00 of 3rd period - Joe Thornton wins face-off versus Daymond Langkow in neutral zone.
13:15 of 3rd period - Slapshot by Darcy Hordichuk.
13:15 of 3rd period - Shot Blocked by Ryan Mcdonagh.
13:28 of 3rd period - Minor Penalty to Sami Kapanen for Roughing.
13:29 of 3rd period - Gilbert Brule wins face-off versus Joe Thornton in Sénateurs zone.
13:29 of 3rd period - Gilbert Brule is hit by Joe Thornton.
13:38 of 3rd period - Snap shot by Joe Thornton.
13:38 of 3rd period - Goal by Joe Thornton - Sénateurs : 3 - Predators : 4.
13:39 of 3rd period - Joe Thornton wins face-off versus Gilbert Brule in neutral zone.
13:41 of 3rd period - Off-side.
13:42 of 3rd period - Gilbert Brule wins face-off versus Joe Thornton in neutral zone.
13:51 of 3rd period - Snap shot by Gilbert Brule.
13:51 of 3rd period - Stopped by Kari Lehtonen with a rebound.
13:57 of 3rd period - Snap shot by Joe Thornton.
13:57 of 3rd period - Stopped by Jeff Deslauriers with a rebound.
14:40 of 3rd period - Slapshot by Sami Kapanen.
14:40 of 3rd period - Shot Misses the Net.
14:44 of 3rd period - Snap shot by Sami Kapanen.
14:44 of 3rd period - Shot Misses the Net.
14:46 of 3rd period - Slapshot by Dan Hamhuis.
14:46 of 3rd period - Stopped by Kari Lehtonen without a rebound.
14:47 of 3rd period - Gilbert Brule wins face-off versus Georges Laraque in Predators zone.
14:50 of 3rd period - Snap shot by Jean-Pierre Dumont.
14:50 of 3rd period - Shot Misses the Net.
14:52 of 3rd period - Wrist shot by Andrew Ebbett.
14:52 of 3rd period - Stopped by Kari Lehtonen without a rebound.
14:53 of 3rd period - Gilbert Brule wins face-off versus Joe Thornton in Predators zone.
15:04 of 3rd period - Dan Girardi is hit by Alexander Ovechkin.
15:08 of 3rd period - Dan Girardi is hit by Alexander Ovechkin and loses puck.
15:21 of 3rd period - Wrist shot by Gilbert Brule.
15:21 of 3rd period - Shot Misses the Net.
15:23 of 3rd period - Snap shot by Jean-Pierre Dumont.
15:23 of 3rd period - Stopped by Kari Lehtonen without a rebound.
15:24 of 3rd period - Kris Vernarsky wins face-off versus Daymond Langkow in Predators zone.
15:24 of 3rd period - Kris Vernarsky is hit by Vitaly Vishnevsky.
15:38 of 3rd period - Snap shot by Kris Vernarsky.
15:38 of 3rd period - Stopped by Jeff Deslauriers with a rebound.
15:40 of 3rd period - Snap shot by Kris Vernarsky.
15:40 of 3rd period - Stopped by Jeff Deslauriers with a rebound.
15:46 of 3rd period - Minor Penalty to Daymond Langkow for Holding.
15:47 of 3rd period - Gilbert Brule wins face-off versus Joe Thornton in Sénateurs zone.
15:47 of 3rd period - Gilbert Brule is hit by Joe Thornton.
16:19 of 3rd period - Slapshot by Alexander Edler.
16:19 of 3rd period - Stopped by Jeff Deslauriers without a rebound.
16:20 of 3rd period - Darcy Hordichuk wins face-off versus Josef Vasicek in Sénateurs zone.
16:25 of 3rd period - Oleg Saprykin is hit by Carlo Colaiacovo and loses puck.
16:36 of 3rd period - Andy Hilbert is hit by Josef Vasicek and loses puck.
17:19 of 3rd period - Josef Vasicek is hit by Carlo Colaiacovo and loses puck.
17:46 of 3rd period - Penalty to Daymond Langkow is over, Daymond Langkow is back on ice.
18:54 of 3rd period - Dan Hamhuis is hit by Georges Laraque and loses puck.
19:05 of 3rd period - Sénateurs, Jeff Deslauriers is pulled from the net.
19:29 of 3rd period - Snap shot by Joe Thornton.
19:29 of 3rd period - Shot Misses the Net.
19:31 of 3rd period - Slapshot by Robyn Regehr.
19:31 of 3rd period - Goal by Robyn Regehr - Sénateurs : 3 - Predators : 5.
19:31 of 3rd period - Jeff Deslauriers from Sénateurs was sent back in the game.
19:32 of 3rd period - Andrew Ebbett wins face-off versus Kris Vernarsky in neutral zone.
Goals for this period are 2 for Sénateurs vs 3 for Predators.
Shots for this period are 12 for Sénateurs vs 13 for Predators.
Output by the SimonT Hockey Simulator (STHS) for François Prévost -- Original Page W3C XHTML 1.0 Valid